TOP OF THE 1ST |
Durham Bulls batting - Pitching for Tacoma Rainiers : RHP Eugene Stott
|
Pitching: RHP Eugene Stott
|
|
Batting: LHB Darryl Gonnella
|
0-0: Ball 1-0: Ball 2-0: Foul Ball, location: 2F 2-1: Swinging Strike 2-2: Ball 3-2: Base on Balls
|
Batting: RHB Alex Diaz
|
0-0: Ball 1-0: SINGLE (Groundball, 56D, EV 100.6 MPH) Darryl Gonnella to second
|
Batting: LHB Eric Toney
|
0-0: Called Strike 0-1: Ball 1-1: Foul Ball, location: 2F 1-2: Foul Ball, location: 2F 1-2: Foul Ball, location: 2F 1-2: Fly out, F7 (Flyball, 7, EV 96.9 MPH)
|
Batting: RHB Jose Arriola
|
0-0: Ball 1-0: Grounds into double play, 6-4-3 (Groundball, 6, EV 108.8 MPH)
|
Top of the 1st over - 0 runs, 1 hit, 0 errors, 1 left on base; Durham 0 - Tacoma 0 |
BOTTOM OF THE 1ST |
Tacoma Rainiers batting - Pitching for Durham Bulls : RHP Larry Bower
|
Pitching: RHP Larry Bower
|
|
Batting: LHB Jawad Fahad
|
0-0: Called Strike 0-1: Called Strike 0-2: Ball 1-2: Ball 2-2: Foul Ball, location: 2F 2-2: Ball 3-2: Ground out 4-3 (Groundball, 4, EV 93.1 MPH)
|
Batting: RHB Lamberto Amicis
|
0-0: Ball 1-0: Ground out 5-3 (Groundball, 56S, EV 83.1 MPH)
|
Batting: RHB Marco Diaz
|
0-0: Called Strike 0-1: Ball 1-1: Ball 2-1: Ball 3-1: Called Strike 3-2: Base on Balls
|
Batting: LHB Ryan Lowe
|
0-0: Called Strike 0-1: Ball 1-1: Foul Ball, location: 2F 1-2: Strikes out swinging
|
Bottom of the 1st over - 0 runs, 0 hits, 0 errors, 1 left on base; Durham 0 - Tacoma 0 |
TOP OF THE 2ND |
Durham Bulls batting - Pitching for Tacoma Rainiers : RHP Eugene Stott
|
Batting: RHB Sesto Carpini
|
0-0: Ball 1-0: Called Strike 1-1: Ball 2-1: Ground out U3 (Groundball, 3, EV 103.1 MPH)
|
Batting: RHB James Huddleston
|
0-0: Ball 1-0: Swinging Strike 1-1: Ground out 5-3 (Groundball, 56, EV 101.2 MPH)
|
Batting: RHB Kevin Benfield
|
0-0: Called Strike 0-1: Ball 1-1: Ball 2-1: Ball 3-1: Called Strike 3-2: Foul Ball, location: 2F 3-2: Fly out, F8 (Flyball, 8LXD, EV 98.8 MPH)
|
Top of the 2nd over - 0 runs, 0 hits, 0 errors, 0 left on base; Durham 0 - Tacoma 0 |
BOTTOM OF THE 2ND |
Tacoma Rainiers batting - Pitching for Durham Bulls : RHP Larry Bower
|
Batting: LHB Josh Pittman
|
0-0: Foul Ball, location: 2F 0-1: Called Strike 0-2: Foul Ball, location: 2F 0-2: SINGLE (Groundball, 6D, EV 98.8 MPH)
|
Batting: RHB Max Schellekens
|
0-0: Ball 1-0: 2-RUN HOME RUN (Flyball, 7LD, EV 96.9 MPH), Distance : 351 ft
|
Batting: RHB Zach Downs
|
0-0: Ball 1-0: Ball 2-0: Called Strike 2-1: Foul Ball, location: 2F 2-2: Ball 3-2: Foul Ball, location: 2F 3-2: Foul Ball, location: 2F 3-2: Ground out 5-3 (Groundball, 5, EV 84.4 MPH)
|
Batting: RHB Hideo Okimura
|
0-0: Called Strike 0-1: Ground out 6-3 (Groundball, 6, EV 85.0 MPH)
|
Batting: RHB Jesus Santiago
|
0-0: Ball 1-0: Called Strike 1-1: Ball 2-1: SINGLE (Groundball, 56D, EV 103.8 MPH)
|
Batting: LHB Jawad Fahad
|
0-0: Foul Ball, location: 2F 0-1: SINGLE (Groundball, 4MD, EV 95.6 MPH) Jesus Santiago to second Runner from 2nd tries for 3rd, SAFE, no throw by CF
|
Batting: RHB Lamberto Amicis
|
0-0: Fielders Choice at 2nd, 5-4 (Groundball, 56, EV 84.4 MPH)
|
Bottom of the 2nd over - 2 runs, 4 hits, 0 errors, 2 left on base; Durham 0 - Tacoma 2 |
TOP OF THE 3RD |
Durham Bulls batting - Pitching for Tacoma Rainiers : RHP Eugene Stott
|
Batting: RHB Antonio Pacheco
|
0-0: Swinging Strike 0-1: Fly out, F9 (Line Drive, 9LM, EV 98.1 MPH)
|
Batting: RHB Roberto Aispuro
|
0-0: Swinging Strike 0-1: Ball 1-1: Ball 2-1: Ball 3-1: Called Strike 3-2: Fly out, F9 (Line Drive, 89S, EV 95.6 MPH)
|
Batting: LHB Darryl Gonnella
|
0-0: Called Strike 0-1: Swinging Strike 0-2: Foul Ball, location: 2F 0-2: Strikes out swinging
|
Top of the 3rd over - 0 runs, 0 hits, 0 errors, 0 left on base; Durham 0 - Tacoma 2 |
BOTTOM OF THE 3RD |
Tacoma Rainiers batting - Pitching for Durham Bulls : RHP Larry Bower
|
Batting: RHB Marco Diaz
|
0-0: Foul Ball, location: 2F 0-1: SINGLE (Groundball, 56D, EV 96.9 MPH)
|
Batting: LHB Ryan Lowe
|
0-0: Ball 1-0: Ball 2-0: Called Strike 2-1: Foul Ball, location: 2F 2-2: Ball 3-2: Fly out, F9 (Flyball, 9, EV 78.1 MPH)
|
Batting: LHB Josh Pittman
|
0-0: Fielders Choice at 2nd, 3-6 (Groundball, 3, EV 81.9 MPH)
|
Batting: RHB Max Schellekens
|
0-0: Ball 1-0: Ball 2-0: Called Strike 2-1: Called Strike 2-2: Foul Ball, location: 2F 2-2: Fielders Choice at 2nd, 6-4 (Groundball, 6, EV 83.8 MPH)
|
Bottom of the 3rd over - 0 runs, 1 hit, 0 errors, 1 left on base; Durham 0 - Tacoma 2 |
TOP OF THE 4TH |
Durham Bulls batting - Pitching for Tacoma Rainiers : RHP Eugene Stott
|
Batting: RHB Alex Diaz
|
0-0: Swinging Strike 0-1: Foul Ball, location: 2F 0-2: Ball 1-2: Strikes out swinging
|
Batting: LHB Eric Toney
|
0-0: Swinging Strike 0-1: Ball 1-1: Ball 2-1: Ground out 5-3 (Groundball, 56, EV 90.0 MPH)
|
Batting: RHB Jose Arriola
|
0-0: Called Strike 0-1: Foul Ball, location: 2F 0-2: Ball 1-2: Ball 2-2: Strikes out swinging
|
Top of the 4th over - 0 runs, 0 hits, 0 errors, 0 left on base; Durham 0 - Tacoma 2 |
BOTTOM OF THE 4TH |
Tacoma Rainiers batting - Pitching for Durham Bulls : RHP Larry Bower
|
Batting: RHB Zach Downs
|
0-0: Foul Ball, location: 2F 0-1: Swinging Strike 0-2: Strikes out swinging
|
Batting: RHB Hideo Okimura
|
0-0: SOLO HOME RUN (Flyball, 78XD, EV 99.4 MPH), Distance : 418 ft
|
Batting: RHB Jesus Santiago
|
0-0: Foul Ball, location: 2F 0-1: Ball 1-1: Foul Ball, location: 2F 1-2: SINGLE (Groundball, 56D, EV 104.4 MPH)
|
Batting: LHB Jawad Fahad
|
0-0: Swinging Strike 0-1: Fielders Choice at 2nd, 6-4 (Groundball, 6, EV 81.2 MPH)
|
Pitching: RHP David Breaux
|
|
Batting: RHB Lamberto Amicis
|
0-0: Called Strike 0-1: Ball 1-1: SINGLE (Line Drive, 8RS, EV 112.5 MPH) Jawad Fahad to second
|
Batting: RHB Marco Diaz
|
0-0: Ball 1-0: Ball 2-0: Fielders Choice at 2nd, 6-4 (Groundball, 6, EV 85.6 MPH)
|
Bottom of the 4th over - 1 run, 3 hits, 0 errors, 2 left on base; Durham 0 - Tacoma 3 |
TOP OF THE 5TH |
Durham Bulls batting - Pitching for Tacoma Rainiers : RHP Eugene Stott
|
Batting: RHB Sesto Carpini
|
0-0: Ball 1-0: Called Strike 1-1: Swinging Strike 1-2: Ball 2-2: Strikes out swinging
|
Batting: RHB James Huddleston
|
0-0: Ball 1-0: Swinging Strike 1-1: Called Strike 1-2: Strikes out swinging
|
Batting: RHB Kevin Benfield
|
0-0: Ball 1-0: Called Strike 1-1: Ball 2-1: Ball 3-1: Base on Balls
|
Batting: RHB Antonio Pacheco
|
0-0: Called Strike 0-1: Fly out, F2 (Popup, 5SF, EV 71.2 MPH)
|
Top of the 5th over - 0 runs, 0 hits, 0 errors, 1 left on base; Durham 0 - Tacoma 3 |
BOTTOM OF THE 5TH |
Tacoma Rainiers batting - Pitching for Durham Bulls : RHP David Breaux
|
Batting: LHB Ryan Lowe
|
0-0: Called Strike 0-1: Ground out 6-3 (Groundball, 4, EV 103.8 MPH)
|
Batting: LHB Josh Pittman
|
0-0: Fly out, F7 (Flyball, 7, EV 81.2 MPH)
|
Batting: RHB Max Schellekens
|
0-0: Foul Ball, location: 2F 0-1: Ball 1-1: Ball 2-1: Ball 3-1: Foul Ball, location: 2F 3-2: Foul Ball, location: 2F 3-2: Fly out, F4 (Popup, 3S, EV 84.4 MPH)
|
Bottom of the 5th over - 0 runs, 0 hits, 0 errors, 0 left on base; Durham 0 - Tacoma 3 |
TOP OF THE 6TH |
Durham Bulls batting - Pitching for Tacoma Rainiers : RHP Eugene Stott
|
Batting: RHB Roberto Aispuro
|
0-0: Called Strike 0-1: Ball 1-1: Ball 2-1: SINGLE (Line Drive, 34D, EV 100.6 MPH)
|
Batting: LHB Darryl Gonnella
|
0-0: Ball 1-0: Ball 2-0: Foul Ball, location: 2F 2-1: Ball 3-1: Base on Balls Roberto Aispuro to second
|
Batting: RHB Alex Diaz
|
0-0: Ball 1-0: Foul Ball, location: 2F 1-1: Called Strike 1-2: Foul Ball, location: 2F 1-2: Foul Ball, location: 2F 1-2: Fly out, F6 (Flyball, 6D, EV 94.4 MPH)
|
Batting: LHB Eric Toney
|
0-0: SINGLE (Line Drive, 4MD, EV 101.2 MPH) Roberto Aispuro to third Darryl Gonnella to second Runner from 3rd tries for Home, SAFE, throw by CF to home
|
Batting: RHB Jose Arriola
|
0-0: Ball 1-0: Foul Ball, location: 2F 1-1: Called Strike 1-2: Ball 2-2: Ball 3-2: Grounds into double play, 4-6-3 (Groundball, 4, EV 86.9 MPH)
|
Top of the 6th over - 1 run, 2 hits, 0 errors, 1 left on base; Durham 1 - Tacoma 3 |
BOTTOM OF THE 6TH |
Tacoma Rainiers batting - Pitching for Durham Bulls : RHP David Breaux
|
Batting: RHB Zach Downs
|
0-0: Called Strike 0-1: Ground out 6-3 (Groundball, 6, EV 94.4 MPH)
|
Batting: RHB Hideo Okimura
|
0-0: Ball 1-0: Ground out 6-3 (Groundball, 6, EV 103.8 MPH)
|
Batting: RHB Jesus Santiago
|
0-0: Called Strike 0-1: Foul Ball, location: 2F 0-2: Foul Ball, location: 2F 0-2: Ball 1-2: Ball 2-2: Foul Ball, location: 2F 2-2: Foul Ball, location: 2F 2-2: Strikes out swinging
|
Bottom of the 6th over - 0 runs, 0 hits, 0 errors, 0 left on base; Durham 1 - Tacoma 3 |
TOP OF THE 7TH |
Durham Bulls batting - Pitching for Tacoma Rainiers : RHP Eugene Stott
|
Pitching: RHP Mario Mata
|
|
Now in LF: Perry Renouf
|
|
Batting: RHB Sesto Carpini
|
0-0: Ball 1-0: Ball 2-0: Called Strike 2-1: Swinging Strike 2-2: Ground out 4-3 (Groundball, 4, EV 82.5 MPH)
|
Batting: RHB James Huddleston
|
0-0: Fly out, F7 (Flyball, 7, EV 96.2 MPH)
|
Batting: RHB Kevin Benfield
|
0-0: Foul Ball, location: 2F 0-1: SOLO HOME RUN (Flyball, 9LD, EV 95.6 MPH), Distance : 352 ft
|
Batting: RHB Antonio Pacheco
|
0-0: Ball 1-0: Ball 2-0: Ground out 6-3 (Groundball, 6, EV 105.0 MPH)
|
Top of the 7th over - 1 run, 1 hit, 0 errors, 0 left on base; Durham 2 - Tacoma 3 |
BOTTOM OF THE 7TH |
Tacoma Rainiers batting - Pitching for Durham Bulls : RHP David Breaux
|
Batting: LHB Jawad Fahad
|
0-0: Ball 1-0: Ball 2-0: Swinging Strike 2-1: Foul Ball, location: 2F 2-2: Ground out 5-3 (Groundball, 56S, EV 80.6 MPH)
|
Batting: RHB Lamberto Amicis
|
0-0: Called Strike 0-1: Ball 1-1: Called Strike 1-2: Strikes out looking
|
Batting: RHB Marco Diaz
|
0-0: Ball 1-0: Foul Ball, location: 2F 1-1: Foul Ball, location: 2F 1-2: Ball 2-2: SINGLE (Line Drive, 56, EV 100.6 MPH)
|
Batting: LHB Ryan Lowe
|
0-0: Ball 1-0: Foul Ball, location: 2F 1-1: Swinging Strike 1-2: Foul Ball, location: 2F 1-2: Ball 2-2: Ball 3-2: SINGLE (Groundball, 4MD, EV 96.2 MPH) Marco Diaz to second Marco Diaz to third
|
Batting: RHB Perry Renouf
|
0-0: Ball 1-0: Called Strike 1-1: Foul Ball, location: 2F 1-2: Strikes out swinging
|
Bottom of the 7th over - 0 runs, 2 hits, 0 errors, 2 left on base; Durham 2 - Tacoma 3 |
TOP OF THE 8TH |
Durham Bulls batting - Pitching for Tacoma Rainiers : RHP Mario Mata
|
Pinch Hitting: LHB Davion Lewis
|
0-0: Ground out 1-3 (Groundball, P, EV 64.4 MPH)
|
Batting: LHB Darryl Gonnella
|
0-0: Ball 1-0: Called Strike 1-1: Ball 2-1: Called Strike 2-2: Foul Ball, location: 2F 2-2: Fly out, F7 (Line Drive, 7LM, EV 92.5 MPH)
|
Batting: RHB Alex Diaz
|
0-0: Ball 1-0: Called Strike 1-1: Ground out 6-3 (Groundball, 56, EV 94.4 MPH)
|
Top of the 8th over - 0 runs, 0 hits, 0 errors, 0 left on base; Durham 2 - Tacoma 3 |
BOTTOM OF THE 8TH |
Tacoma Rainiers batting - Pitching for Durham Bulls : RHP David Breaux
|
Pitching: LHP Sam Wesman
|
|
Now in LF: Davion Lewis
|
|
Now in CF: Darryl Gonnella
|
|
Now in RF: Antonio Pacheco
|
|
Batting: RHB Max Schellekens
|
0-0: Ground out 5-3 (Groundball, 5S, EV 86.2 MPH)
|
Batting: RHB Zach Downs
|
0-0: Ball 1-0: Ball 2-0: Ground out 4-3 (Groundball, 4, EV 92.5 MPH)
|
Batting: RHB Hideo Okimura
|
0-0: Ball 1-0: Ball 2-0: Swinging Strike 2-1: Foul Ball, location: 2F 2-2: Strikes out swinging
|
Bottom of the 8th over - 0 runs, 0 hits, 0 errors, 0 left on base; Durham 2 - Tacoma 3 |
TOP OF THE 9TH |
Durham Bulls batting - Pitching for Tacoma Rainiers : RHP Mario Mata
|
Pitching: LHP Chad Dominey
|
|
Batting: LHB Eric Toney
|
0-0: Ball 1-0: Foul Ball, location: 2F 1-1: Foul Ball, location: 2F 1-2: Foul Ball, location: 2F 1-2: Ground out 6-3 (Groundball, 6, EV 101.9 MPH)
|
Batting: RHB Jose Arriola
|
0-0: SINGLE (Groundball, 6MD, EV 101.2 MPH)
|
Batting: RHB Sesto Carpini
|
0-0: Called Strike 0-1: Grounds into double play, 4-6-3 (Groundball, 4, EV 86.9 MPH)
|
Top of the 9th over - 0 runs, 1 hit, 0 errors, 0 left on base; Durham 2 - Tacoma 3 |
|